 Dungeon Sprint DCSS version 0.17-a0-1945-gfe993df (webtiles) character file.

290 pipel the Thaumaturge (level 6, -2/50 HPs)
             Began as an Octopode Air Elementalist on Sept 30, 2015.
             Was an Initiate of Vehumet.
             Slain by a hill giant
             ... wielding a +0 giant club
              (28 damage)
             ... in the Dungeon (Sprint IX: "|||||||||||||||||||||||||||||").
             The game lasted 00:02:24 (312 turns).

pipel the Thaumaturge (Octopode Air Elementalist)    Turns: 312, Time: 00:02:24

Health: -2/50      AC:  8    Str: 10    XL:     6   Next: 32%
Magic:  8/17       EV: 12    Int: 19    God:    Vehumet [......]
Gold:   0          SH:  0    Dex: 13    Spells: 5 memorised, 9 levels left

rFire  . . .     SeeInvis .     a - +2 halberd (protect)
rCold  . . .     Clarity  .     (no shield)
rNeg   . . .     SustAt   .     (helmet restricted)
rPois  .         Gourm    .     (no amulet)
rElec  .         Spirit   .     q - +3 ring of strength
rCorr  .         Warding  .     r - +2 ring of protection
rMut   .         NoTele   +     (no ring)
MR     .....                    (no ring)
Stlth  +++.......               (no ring)
                                (no ring)
                                (no ring)
                                (no ring)

@: repel missiles, not resistant to hostile enchantments, fairly stealthy
A: almost no armour, amphibious, 8 rings, constrict 8, camouflage 1, gelatinous
body 1
a: Renounce Religion


You were in the Dungeon.
You worshipped Vehumet.
Vehumet was noncommittal.
You were not hungry.

You visited 1 branch

Inventory:

Hand weapons
 a - a +2 halberd of protection (weapon)
 j - a +0 dagger
 p - the +2 scimitar of Trauma {freeze, rF+ rC+ Int+3 SInv}
   (You found it in the Dungeon)

   It has been specially enchanted to freeze those struck by it, causing extra
   injury to most foes and up to half again as much damage against particularly
   susceptible opponents.
   It can also slow down cold-blooded creatures.
   It affects your intelligence (+3).
   It protects you from fire.
   It protects you from cold.
   It lets you see invisible.
Magical staves
 b - an uncursed staff of energy
Jewellery
 q - a +3 ring of strength (left tentacle)
 r - a +2 ring of protection (right tentacle)
Magical devices
 m - a wand of fire (4)
Scrolls
 h - 2 scrolls of blinking
 k - 3 scrolls of remove curse
 l - 2 scrolls of amnesia
Potions
 c - 5 potions of curing
 d - 3 potions of heal wounds
 e - a potion of haste
 f - 4 potions of magic
 g - a potion of invisibility
Books
 o - a book of Air

   Spells                             Type                      Level
   a - Shock                          Conjuration/Air              1
   b - Swiftness                      Charms/Air                   2
   c - Repel Missiles                 Charms/Air                   2
   d - Static Discharge               Conjuration/Air              3
   e - Lightning Bolt                 Conjuration/Air              5
Comestibles
 n - a bread ration


   Skills:
 + Level 8.0 Fighting
 - Level 2.0 Dodging
 - Level 2.6 Stealth
 + Level 8.7 Spellcasting
 + Level 2.5 Conjurations
 + Level 3.9 Air Magic


You had 9 spell levels left.
You knew the following spells:

 Your Spells              Type           Power        Failure   Level  Hunger
a - Shock                 Conj/Air       ###.         2%          1    None
b - Repel Missiles        Chrm/Air       ###...       8%          2    None
c - Swiftness             Chrm/Air       ###.....     8%          2    None
d - Static Discharge      Conj/Air       ###.....     10%         3    None
e - Lightning Bolt        Conj/Air       ###.......   75%         5    #####..


Dungeon Overview and Level Annotations

Branches:
Dungeon (1/1)

Altars:
Cheibriados
Dithmenos
Elyvilon
Fedhas
Gozag
Kikubaaqudgha
Makhleb
Nemelex Xobeh
Okawaru
Qazlal
Ru
Sif Muna
Trog
Vehumet
Xom
Yredelemnul
Zin
The Shining One
Beogh
Jiyva
Lugonu


Innate Abilities, Weirdness & Mutations

You cannot wear most types of armour.
You are amphibious.
You can wear up to eight rings at the same time.
You can use your tentacles to constrict eight enemies at once.
Your skin changes colour to match your surroundings (Stealth).
Your rubbery body absorbs attacks (AC +1).


Message History

The bolt of fire misses the yak.
This wand has 4 charges left.
The hill giant barely misses you.
Unknown command.
Unknown command.
Casting: Shock
Confirm with . or Enter, or press ? or * to list all spells.
The hill giant is struck by lightning.
The hill giant is almost dead.
The lightning arcs!
You are struck by lightning.
The lightning grounds out.
The hill giant hits you with a giant club!!
You take 22 damage, and have 26/50 hp.
MASSIVE DAMAGE!!
You now have 11/17 mp.
Unknown command.
Casting: Static Discharge
Confirm with . or Enter, or press ? or * to list all spells.
The hill giant is struck by lightning.
The hill giant is almost dead.
The lightning grounds out.
The hill giant hits you with a giant club!!
Ouch! That really hurt!
You die...

▓.▓
▓.▓
▓.▓
▓)▓
▓[▓
▓[▓
▓[▓
▓.▓
▓@▓
▓C▓
▓Y▓
▓Z▓
▓Y▓
▓.▓
▓.▓
▓.▓


You could see a hill giant, 2 yaks and a bat skeleton.

Vanquished Creatures
  A sky beast (D)
  A necrophage (D)
  A giant frog (D)
  An orc wizard (D)
  An adder zombie (D)
  An ooze (D)
  A bat zombie (D)
  A giant cockroach (D)
  A hobgoblin (D)
  A kobold (D)
  A goblin (D)
  A jackal skeleton (D)
12 creatures vanquished.

Notes
Turn   | Place    | Note
--------------------------------------------------------------
     0 | D        | pipel the Octopode Air Elementalist began the quest for the Orb.
     0 | D        | Reached XP level 1. HP: 11/11 MP: 3/3
     8 | D        | Reached skill level 4 in Spellcasting
     8 | D        | Reached XP level 2. HP: 12/17 MP: 0/7
   110 | D        | Noticed an orc wizard
   110 | D        | Noticed a necrophage
   110 | D        | Noticed a sky beast
   113 | D        | Killed an orc wizard
   113 | D        | Reached skill level 5 in Spellcasting
   113 | D        | Reached XP level 3. HP: 21/26 MP: 6/9
   119 | D        | Killed a necrophage
   119 | D        | Reached skill level 5 in Fighting
   119 | D        | Reached skill level 7 in Spellcasting
   119 | D        | Reached XP level 4. HP: 36/36 MP: 2/13
   119 | D        | Reached XP level 5. HP: 40/41 MP: 2/14
   127 | D        | Killed a sky beast
   127 | D        | Reached skill level 8 in Spellcasting
   132 | D        | Found a glowing silver altar of Zin.
   132 | D        | Found a glowing golden altar of the Shining One.
   132 | D        | Found an ancient bone altar of Kikubaaqudgha.
   132 | D        | Found a basalt altar of Yredelemnul.
   132 | D        | Found a shimmering altar of Xom.
   132 | D        | Found a radiant altar of Vehumet.
   133 | D        | Found an iron altar of Okawaru.
   134 | D        | Found a burning altar of Makhleb.
   135 | D        | Found a deep blue altar of Sif Muna.
   136 | D        | Found a bloodstained altar of Trog.
   137 | D        | Found a sparkling altar of Nemelex Xobeh.
   138 | D        | Found a white marble altar of Elyvilon.
   139 | D        | Found a roughly hewn altar of Beogh.
   140 | D        | Became a worshipper of Vehumet
   141 | D        | Found a viscous altar of Jiyva.
   142 | D        | Found a corrupted altar of Lugonu.
   143 | D        | Found a blossoming altar of Fedhas.
   144 | D        | Found a snail-covered altar of Cheibriados.
   145 | D        | Found a shadowy altar of Dithmenos.
   146 | D        | Found a stormy altar of Qazlal.
   150 | D        | Learned a level 2 spell: Repel Missiles
   153 | D        | Learned a level 2 spell: Swiftness
   157 | D        | Learned a level 3 spell: Static Discharge
   163 | D        | Learned a level 5 spell: Lightning Bolt
   163 | D        | Found an opulent altar of Gozag.
   164 | D        | Found a sacrificial altar of Ru.
   182 | D        | Got the +2 scimitar of Trauma {freeze, rF+ rC+ Int+3 SInv}
   305 | D        | Noticed a hill giant
   305 | D        | Noticed a giant frog
   305 | D        | Noticed a yak
   305 | D        | Noticed a yak
   309 | D        | Killed a giant frog
   309 | D        | Reached XP level 6. HP: 48/50 MP: 14/17
   312 | D        | Slain by a hill giant

Vault maps used:
D:        linesprint

Action                   |  1- 3 |  4- 6 || total
-------------------------+-------+-------++-------
Melee: Unarmed           |     1 |       ||     1
       Dagger            |     2 |     7 ||     9
 Cast: Shock             |     8 |     2 ||    10
       Repel Missiles    |       |     1 ||     1
       Static Discharge  |       |     2 ||     2
Evoke: Staff of energy   |       |     2 ||     2
       Wand              |       |     3 ||     3
  Use: Potion            |     1 |       ||     1
 Stab: Sleeping          |     1 |       ||     1
